 Dungeon Crawl Stone Soup version 0.22.0-38-g04b72b8c25 (webtiles) character file.

2720 Acheron the Covered (level 9, -4/78 HPs)
             Began as a Minotaur Fighter on Aug 27, 2018.
             Was a Priest of Okawaru.
             Slain by an orc warrior
             ... wielding a +0 scimitar
              (11 damage)
             ... on level 6 of the Dungeon.
             The game lasted 00:24:49 (5814 turns).

Acheron the Covered (Minotaur Fighter)              Turns: 5814, Time: 00:24:50

Health: -4/78      AC: 16    Str: 22    XL:     9   Next: 39%
Magic:  10/10      EV:  8    Int:  8    God:    Okawaru [***...]
Gold:   180        SH: 10    Dex: 11    Spells: 8/8 levels left

rFire    . . .     SeeInvis .   a - +1 war axe
rCold    . . .     Gourm    .   c - +0 shield
rNeg     . . .     Faith    .   g - +0 chain mail
rPois    .         Spirit   .   y - +1 hat {MR+}
rElec    .         Reflect  .   h - +1 cloak
rCorr    +         Harm     .   l - +1 pair of gloves
MR       +....                  (no boots)
Stlth    ..........             (no amulet)
HPRegen  0.23/turn              A - ring of resist corrosion
MPRegen  0.12/turn              r - -2 ring of protection (curse)

@: no status effects
A: retaliatory headbutt, horns 2, thin metallic scales 1, clever 1
a: Heroism, Renounce Religion


You were on level 6 of the Dungeon.
You worshipped Okawaru.
Okawaru was most pleased with you.
You were not hungry.

You visited 2 branches of the dungeon, and saw 9 of its levels.

You collected 180 gold pieces.

Inventory:

Hand Weapons
 a - a +1 war axe (weapon)
 f - a +0 shortbow of flaming
   (You took it off a centaur on level 7 of the Dungeon)
 j - a +0 war axe
   (You found it on level 2 of the Dungeon)
 k - a +1 flail of holy wrath
   (You took it off a gnoll on level 7 of the Dungeon)
 m - a +0 short sword
   (You took it off a kobold on level 1 of the Dungeon)
 s - a +0 blowgun
   (You took it off a kobold on level 3 of the Dungeon)
 B - a +0 trident of protection
   (You took it off an orc on level 8 of the Dungeon)
Missiles
 n - 106 stones (quivered)
 o - 5 needles of confusion {!f}
 w - 9 poisoned needles
 D - 2 needles of frenzy
Armour
 b - a +0 scale mail
 c - a +0 shield (worn)
 g - a +0 chain mail (worn)
   (You found it on level 1 of the Dungeon)
 h - a +1 cloak (worn)
   (You found it on level 2 of the Dungeon)
 l - a +1 pair of gloves (worn)
   (You found it on level 1 of the Dungeon)
 y - a +1 hat of magic resistance (worn)
   (You found it on level 5 of the Dungeon)
Jewellery
 r - a cursed -2 ring of protection (right hand)
   (You found it on level 2 of the Dungeon)
 A - a ring of resist corrosion (left hand)
   (You found it on level 2 of the Dungeon)
Wands
 t - a wand of flame (43)
   (You took it off a hobgoblin on level 6 of the Dungeon)
 u - a wand of clouds (6)
   (You found it on level 3 of the Dungeon)
 v - a wand of digging (12)
   (You found it on level 8 of the Dungeon)
Scrolls
 p - a scroll of immolation {!r}
 x - 2 scrolls of remove curse {@r2}
 C - a scroll of fog {unknown}
 E - a scroll of fear
Potions
 d - a potion of might
 i - a potion of lignification {!q}
Comestibles
 e - 6 rations {!d}
 z - 3 chunks of flesh


   Skills:
 * Level 6.7 Fighting
 * Level 5.9 Axes
 + Level 3.1 Throwing
 * Level 6.8 Armour
 * Level 5.1 Dodging
 * Level 4.4 Stealth
 * Level 6.3 Shields
 * Level 3.8 Evocations


You had 8 spell levels left.
You didn't know any spells.
Your spell library contained the following spells:

 Spells                   Type           Power        Failure   Level  Hunger
 Sandblast                Erth           #.....       100%        1    ##.....
 Passwall                 Tmut/Erth      #.......     100%        2    ###....
 Stone Arrow              Conj/Erth      #.....       100%        3    ####...
 Petrify                  Tmut/Erth      #.......     100%        4    #####..
 Lee's Rapid Deconstruct  Erth           #.........   100%        5    ######.


Dungeon Overview and Level Annotations

Branches:
Dungeon (8/15)             Temple (1/1) D:7
   Lair: D:8-11

Altars:
Ashenzari
Cheibriados
Dithmenos
Elyvilon
Fedhas
Gozag
Hepliaklqana
Kikubaaqudgha
Makhleb
Nemelex Xobeh
Okawaru
Qazlal
Ru
Sif Muna
Uskayaw
Vehumet
Wu Jian
Xom
Yredelemnul
Zin
The Shining One

Annotations:
D:7 exclusion: downstairs


Innate Abilities, Weirdness & Mutations

You reflexively headbutt those who attack you in melee.
You have a pair of horns on your head.
You are partially covered in thin metallic scales. (AC +2)
Your mind is acute. (Int +2)


Message History

You closely miss the orc priest. You hit the orc.
You kill the orc!
Okawaru accepts your kill.
You hit the orc warrior but do no damage.
The orc warrior barely misses you. The orc priest closely misses you.
You furiously retaliate!
You headbutt the orc priest.
Some of the chunks of flesh in your inventory have rotted away.
You slash the orc priest!
You kill the orc priest!
Okawaru accepts your kill.
Your chain mail prevents you from hitting the orc warrior.
The orc warrior hits you but does no damage.
You hit the orc priest. You closely miss the orc warrior.
The orc priest hits you but does no damage.
You block the orc warrior's attack.
The orc priest mumbles some strange prayers to Beogh against you.
Pain shoots through your body!
* * * LOW HITPOINT WARNING * * *
You feel better. You block the orc warrior's attack.
The orc priest hits you but does no damage.
You slash the orc priest!
You hit the orc warrior but do no damage.
The orc warrior barely misses you.
The orc priest hits you but does no damage.
You slash the orc priest!
You kill the orc priest!
Okawaru accepts your kill.
You hit the orc warrior. You block the orc warrior's attack.
You hit the orc warrior. You headbutt the orc warrior!
The orc warrior hits you with a scimitar.
* * * LOW HITPOINT WARNING * * *
You barely miss the orc warrior.
You headbutt the orc warrior, but do no damage.
The orc warrior hits you but does no damage.
You block the orc warrior's attack.
You closely miss the orc warrior. Your headbutt misses the orc warrior.
The orc warrior hits you but does no damage.
You closely miss the orc warrior. Your headbutt misses the orc warrior.
The orc warrior hits you with a scimitar.
* * * LOW HITPOINT WARNING * * *
You barely miss the orc warrior. Your headbutt misses the orc warrior.
The orc warrior hits you with a scimitar!
* * * LOW HITPOINT WARNING * * *
Unknown command.
There is a stone staircase leading down here.
You feel better. The orc warrior barely misses you.
You closely miss the orc warrior.
You headbutt the orc warrior, but do no damage.
The orc warrior hits you with a scimitar!
You die...

....o.......##...####(..
......o.....###[..#.....
...o..o.....# ##........
......<.....####........
..........#.##..........
..........#.##....^.....
.........##....[.?......
##.......##.....o.......
####.#####.....@.......
## ##.#.......... ##
#.##......... .### #
##........ ...#
##....... ...# #.....#
#### #..### ###


You could see an orc warrior.

Vanquished Creatures
  2 hippogriffs (D:8)
  Prince Ribbit (D:7)
  3 sky beasts
  An orc warrior (D:7)
  A black bear (D:8)
  An eye of draining (D:8)
  A phantom (D:8)
  3 ogres
  2 centaurs
  A big kobold (D:7)
  3 bullfrogs
  A wyvern skeleton (D:8)
  3 scorpions
  4 hounds
  2 orc priests (D:6)
  A jelly (D:7)
  2 centaur skeletons
  A bullfrog skeleton (D:7)
  A gnoll shaman (D:7)
  An orc wizard (D:4)
  2 iguanas
  2 worker ants
  A killer bee zombie (D:8)
  8 gnolls
  4 adders
  2 shadow imps (D:7)
  An ooze (D:4)
  3 worms
  A dart slug (D:1)
  2 leopard geckos
  20 orcs
  3 giant cockroaches
  5 goblins
  3 hobgoblins
  4 jackals (D:2)
  3 quokkas
  6 bats
  2 frilled lizards
  7 kobolds
  5 rats
119 creatures vanquished.

Notes
Turn   | Place    | Note
-------+----------+-------------------------------------------
     0 | D:1      | Acheron the Minotaur Fighter began the quest for the Orb.
     0 | D:1      | Reached XP level 1. HP: 19/19 MP: 0/0
   119 | D:1      | Reached XP level 2. HP: 24/27 MP: 1/1
   523 | D:2      | Reached skill level 1 in Stealth
   536 | D:2      | Reached XP level 3. HP: 23/33 MP: 2/2
   647 | D:2      | Reached skill level 1 in Dodging
   859 | D:2      | Found a shadowy altar of Dithmenos.
  1049 | D:2      | Reached skill level 1 in Throwing
  1066 | D:2      | Reached XP level 4. HP: 39/40 MP: 3/3
  1948 | D:3      | Found a glowing silver altar of Zin.
  2476 | D:4      | Found a white marble altar of Elyvilon.
  2517 | D:4      | Noticed an ogre
  2534 | D:4      | Killed an ogre
  2534 | D:4      | Reached XP level 5. HP: 30/47 MP: 4/4
  2651 | D:5      | Entered Level 5 of the Dungeon
  2655 | D:5      | Noticed a sky beast
  2675 | D:5      | Killed a sky beast
  2675 | D:5      | Reached skill level 1 in Evocations
  2675 | D:5      | Reached XP level 6. HP: 15/53 MP: 5/5
  2940 | D:6      | Noticed an orc warrior
  3086 | D:6      | Found a radiant altar of Vehumet.
  3221 | D:7      | Reached skill level 5 in Fighting
  3230 | D:7      | Reached XP level 7. HP: 20/61 MP: 7/7
  3481 | D:7      | Gained mutation: Armour fits poorly on your strangely shaped body. [potion of mutation]
  3481 | D:7      | Gained mutation: You have sharp toenails. [potion of mutation]
  3482 | D:7      | Lost mutation: Armour fits poorly on your strangely shaped body. [potion of mutation]
  3482 | D:7      | Lost mutation: You have sharp toenails. [potion of mutation]
  3482 | D:7      | Gained mutation: You are partially covered in thin metallic scales. (AC +2) [potion of mutation]
  3482 | D:7      | Gained mutation: Your mind is acute. (Int +2) [potion of mutation]
  3646 | D:7      | Reached skill level 5 in Armour
  3660 | D:7      | Found a staircase to the Ecumenical Temple.
  3666 | Temple   | Entered the Ecumenical Temple
  3779 | Temple   | Became a worshipper of Warmaster Okawaru
  3952 | D:7      | Noticed Prince Ribbit
  3989 | D:7      | Killed Prince Ribbit
  3989 | D:7      | Reached * piety under Okawaru
  3989 | D:7      | Reached skill level 5 in Shields
  4119 | D:7      | Found a hide-covered altar of Uskayaw.
  4142 | D:7      | Reached XP level 8. HP: 69/69 MP: 8/8
  4201 | D:7      | Found a deep blue altar of Sif Muna.
  4708 | D:7      | Reached skill level 5 in Axes
  4748 | D:7      | Reached ** piety under Okawaru
  5254 | D:8      | Noticed a hippogriff
  5280 | D:8      | Killed a hippogriff
  5443 | D:8      | Found a basalt altar of Yredelemnul.
  5468 | D:8      | Reached XP level 9. HP: 77/77 MP: 10/10
  5594 | D:8      | Reached *** piety under Okawaru
  5594 | D:8      | Reached skill level 5 in Dodging
  5811 | D:6      | HP: 1/78 [orc warrior/scimitar (10)]
  5814 | D:6      | Slain by an orc warrior

Skill      XL: |  1  2  3  4  5  6  7  8  9 |
---------------+----------------------------+-----
Stealth        | 1 2 3 4 |  4.4
Dodging        | 1 2 3 4 5 |  5.1
Shields        | 4 5 6 |  6.3
Axes           | 3 4 5 |  5.9
Throwing       | 1 2 3 |  3.1
Fighting       | 4 5 6 |  6.7
Armour         | 4 5 6 |  6.8
Evocations     | 1 2 3 |  3.8

Action                   |  1- 3 |  4- 6 |  7- 9 || total
-------------------------+-------+-------+-------++-------
Melee: War axe           |    83 |    92 |   222 ||   397
       Headbutt          |    14 |    18 |    43 ||    75
 Fire: Blowgun           |       |     6 |     7 ||    13
  Use: Scroll            |     3 |       |     4 ||     7
       Potion            |       |     1 |     9 ||    10
  Eat: Chunk             |     1 |     4 |     5 ||    10
       Ration            |       |     1 |     1 ||     2
Armor: Scale mail        |    58 |    54 |     1 ||   113
       Chain mail        |       |       |   125 ||   125
Dodge: Dodged            |    27 |    34 |    76 ||   137
Block: Shield            |    42 |    53 |   113 ||   208
